 Dungeon Crawl Stone Soup version 0.32-a0-918-g0f22ef8d61 (webtiles) character file.

Game seed: 8483579520560828814

650 RockemSockem the Shooter (level 7, -2/59 HPs)
             Began as a Ghoul Gladiator on Apr 11, 2024.
             Was a Priest of Dithmenos.
             Killed from afar by an orc wizard (7 damage)
             ... with a puff of flame
             ... on level 5 of the Dungeon.
             The game lasted 00:35:28 (3308 turns).

RockemSockem the Shooter (Ghoul Gladiator)          Turns: 3308, Time: 00:35:29

Health: -2/59      AC:  7    Str: 18    XL:     7   Next: 53%
Magic:  7/7        EV: 10    Int:  7    God:    Dithmenos [***...]
Gold:   227        SH:  5    Dex: 12    Spells: 6/6 levels left

rFire   . . .        f - +2 sling (elec)
rCold   + . .        (no shield)
rNeg    + + +        R - +0 ring mail
rPois   ∞            b - +0 helmet
rElec   .            w - +0 cloak
rCorr   .            (no gloves)
SInv    +            (no boots)
Will    .....        G - amulet of reflection
Stlth   +            M - ring of see invisible
HPRegen 0.00/turn    (no ring)
MPRegen 0.10/turn

%: reflection
@: inhibited regen, wreathed by umbra
A: claws 1, cold resistance 1, negative energy resistance 3, inhibited
regeneration, torment resistance 2, devour on kill
a: Renounce Religion, Shadow Step


You were on level 5 of the Dungeon.
You worshipped Dithmenos.
Dithmenos was most pleased with you.
You visited 1 branch of the dungeon, and saw 5 of its levels.

You collected 227 gold pieces.

Inventory:

Hand Weapons
 f - a +2 sling of electrocution (weapon)
 g - a +0 trident
 i - a +0 dagger
 l - a +0 dagger
 m - a +0 whip
 o - a +0 club
 r - a +0 dagger
 x - a +0 whip
 A - a +0 scythe
 E - a +0 hand axe of freezing
 U - a +0 war axe of freezing
Missiles
 c - 4 throwing nets
 d - 7 javelins
 e - 23 stones
 s - 11 poisoned darts
Armour
 a - a +0 leather armour
 b - a +0 helmet (worn)
 n - a +0 leather armour
 p - a +0 leather armour
 q - a +0 leather armour
 v - a scarf of invisibility
 w - a +0 cloak (worn)
 B - a +0 robe
 C - a +0 ring mail
 R - a +0 ring mail (worn)
Magical Staves
 F - a staff of conjuration
Jewellery
 G - an amulet of reflection (around neck)
 M - a ring of see invisible (left claw)
Talismans
 J - a beast talisman
Wands
 K - a wand of warping (3)
 V - a wand of mindburst (21)
Scrolls
 h - 4 scrolls of identify {unknown}
 j - a scroll of blinking {unknown}
 u - 2 scrolls of teleportation {unknown}
 y - a scroll of vulnerability {unknown}
 H - a scroll of enchant weapon {unknown}
 I - 2 scrolls of immolation {unknown}
 L - a scroll of torment {unknown}
 P - a scroll of revelation {unknown}
 S - a scroll of fog {unknown}
 W - a scroll of acquirement {unknown}
 Z - a scroll of enchant armour {unknown}
Potions
 k - a potion of berserk rage {unknown}
 t - 2 potions of haste {unknown}
 z - a potion of might {unknown}
 D - a potion of mutation {unknown}
 N - a potion of invisibility {unknown}
 O - a potion of heal wounds {unknown}
 Q - a potion of degeneration {unknown}
 T - a potion of brilliance {unknown}
 X - a potion of magic {unknown}
 Y - 2 potions of curing {unknown}


   Skills:
 + Level 4.0 Fighting
 + Level 5.2 Ranged Weapons
 + Level 1.8 Throwing
 + Level 2.1 Armour
 + Level 3.4 Dodging
 + Level 0.5 Shields
 + Level 3.7 Unarmed Combat


You had 6 spell levels left.
You didn't know any spells.
Your spell library contained the following spells:

 Spells                   Type           Power      Damage    Failure   Level
 Necrotise                Necr           0%         1d4       63%         1
 Cigotuvi's Dreadful Rot  Necr/Alch/Air  0%         N/A       77%         2
 Vampiric Draining        Necr           0%         2d6       94%         3
 Dispel Undead            Necr           0%         3d6       100%        4
 Martyr's Knell           Necr/Summ      0%         N/A       100%        4
 Curse of Agony           Necr           0%         N/A       100%        5


Dungeon Overview and Level Annotations

Branches:
Dungeon (5/15)
 Temple: D:4-7

Altars:
Dithmenos
Nemelex Xobeh
Okawaru


Innate Abilities, Weirdness & Mutations

You are immune to poison.
You have sharp fingernails.
Your flesh is cold resistant. (rC+)
You are immune to negative energy. (rN+++)
You do not regenerate when monsters are visible.
You are immune to unholy pain and torment.
You thrive by killing the living.


Message History

You shoot a sling bullet.
You feel less confused.
The orc wizard hits you with a +0 dagger.
* * * LOW HITPOINT WARNING * * *
You shoot a sling bullet.
The sling bullet barely misses the orc wizard.
The orc wizard hits you with a +0 dagger.
* * * LOW HITPOINT WARNING * * *
The orc wizard hits you with a +0 dagger.
* * * LOW HITPOINT WARNING * * *
You shoot a sling bullet.
The sling bullet barely misses the orc wizard.
The orc wizard hits you with a +0 dagger.
* * * LOW HITPOINT WARNING * * *
Fire: f) +2 sling (elec)
Press: ? - help, Q - select action, (/) - cycle Shift-Dir - straight line, p - orc wizard You shoot a sling bullet.
The sling bullet closely misses the orc wizard.
The orc wizard barely misses you.
Found a ring mail.
The orc wizard attacks as it pursues you!
The orc wizard hits you with a +0 dagger.
* * * LOW HITPOINT WARNING * * *
Found a cyan potion.
The orc wizard points at you and mumbles some strange words.
You resist with some effort.
The orc wizard hits you but does no damage.
The ice beast closely misses you.
You shoot a sling bullet. The sling bullet hits the orc wizard.
The orc wizard is moderately wounded.
The orc wizard hits you but does no damage.
The ice beast barely misses you.
You shoot a sling bullet. The sling bullet hits the orc wizard.
The orc wizard is heavily wounded.
The orc wizard hits you but does no damage.
You block the ice beast's attack.
The ice beast hits you but does no damage.
The orc wizard points at you and mumbles some strange words.
The puff of flame hits you!
You die...

..........#
..........##
...........###.
.......†.......
........##.###.
.......<#
o..####.### ..
##oY.## .
#..@..# ##...##
#.........
..........#
............#
...##...........
.. ?#..........
. ..#..#.[.....
##...##..##.!


You could see an ice beast and an orc wizard.

Vanquished Creatures
  Sigmund (D:2)
  2 black bears
  A howler monkey (D:2)
  A hound (D:4)
  2 orc priests
  Ijyb (D:4)
  3 gnolls (D:4)
  3 adders
  A dart slug (D:4)
  A ribbon worm (D:2)
  12 orcs
  8 bats
  4 endoplasms
  3 giant cockroaches
  16 goblins
  5 hobgoblins
  3 jackals (D:4)
  6 kobolds
  3 quokkas
  7 ball pythons
  3 frilled lizards
  5 rats
91 creatures vanquished.

Notes
Turn   | Place    | Note
-------+----------+-------------------------------------------
     0 | D:1      | RockemSockem the Ghoul Gladiator began the quest for the
                  | Orb.
     0 | D:1      | Reached XP level 1. HP: 17/17 MP: 1/1
   236 | D:1      | Reached XP level 2. HP: 24/24 MP: 2/2
   541 | D:1      | Reached skill level 1 in Ranged Weapons
   569 | D:1      | Found a faded altar of an unknown god.
   576 | D:1      | Prayed at the altar of an unknown god.
   576 | D:1      | Became a worshipper of Dithmenos the Shadowed
   576 | D:1      | Reached * piety under Dithmenos
   739 | D:1      | Reached XP level 3. HP: 30/30 MP: 3/3
   908 | D:2      | Noticed Sigmund
   917 | D:2      | Killed Sigmund
   918 | D:2      | Reached skill level 3 in Ranged Weapons
   918 | D:2      | Reached skill level 1 in Armour
   918 | D:2      | Reached XP level 4. HP: 13/38 MP: 4/4
   918 | D:2      | Reached XP level 5. HP: 16/45 MP: 5/5
   954 | D:2      | Noticed a black bear
   969 | D:2      | Killed a black bear
   970 | D:2      | Reached XP level 6. HP: 29/51 MP: 6/6
  1070 | D:2      | Reached skill level 4 in Ranged Weapons
  1134 | D:2      | Reached ** piety under Dithmenos
  2693 | D:4      | Reached XP level 7. HP: 53/58 MP: 7/7
  2708 | D:4      | Found a sparkling altar of Nemelex Xobeh.
  2798 | D:4      | Found an iron altar of Okawaru.
  2944 | D:4      | Reached *** piety under Dithmenos
  2958 | D:4      | Noticed Ijyb
  2969 | D:4      | Killed Ijyb
  3269 | D:5      | Entered Level 5 of the Dungeon
  3276 | D:5      | Reached skill level 5 in Ranged Weapons
  3308 | D:5      | Killed from afar by an orc wizard

Illustrated notes

Levels and vault maps discovered:
D:1:      dpeg_arrival_circle_labyrinth_c, layout_loops_ring,
          ebering_ecumenical_altar_mist
D:2:      layout_loops_ring, uniq_sigmund
D:3:      layout_basic
D:4:      kennysheep_goblin_castle, layout_cave_pools,
          nemelex_xobeh_ov_fountains_minmay, old_standard_altar
D:5:      layout_cave_pools, kennysheep_little_box

Skill      XL: |  1  2  3  4  5  6  7 |
---------------+----------------------+-----
Ranged Weapons | 1 3 4 5 |  5.2
Fighting       | 3 4 |  4.0
Armour         | 1 2 |  2.1
Dodging        | 3 |  3.4
Throwing       | |  1.8
Shields        | |  0.5
Unarmed Combat | |  3.7

Action                     |  1- 3 |  4- 6 |  7- 9 || total
---------------------------+-------+-------+-------++-------
  Melee: Sling             |       |       |     2 ||     2
   Fire: Sling             |    64 |   125 |    74 ||   263
  Throw: Throwing net      |     1 |       |       ||     1
  Evoke: Wand              |       |     1 |       ||     1
 Armour: Leather armour    |    55 |    16 |       ||    71
         Ring mail         |       |    29 |    37 ||    66
  Dodge: Dodged            |    53 |    66 |    36 ||   155
  Block: Other             |       |    12 |    14 ||    26
         Reflection        |       |       |     2 ||     2

Table legend: (Time is in decaauts)
 A = Elapsed time spent in this place.
 B = Non-inter-level travel time spent in this place.
 C = Inter-level travel time spent in this place.
 D = Time resting spent in this place.
 E = Time spent auto-exploring this place.
 F = Levels seen in this place.
 G = Mean time per level.
                   A        B        C        D        E       F      G
               +--------+--------+--------+--------+--------+-----+--------+
         Total |   3382 |    872 |   2510 |      0 |      0 |   5 |  676.4 |
       Dungeon |   3382 |    872 |   2510 |      0 |      0 |   5 |  676.4 |
               +--------+--------+--------+--------+--------+-----+--------+

Top non-repeatable levels by time:
     D:1: 876 daAuts
     D:3: 839 daAuts
     D:2: 831 daAuts
     D:4: 791 daAuts
     D:5: 44 daAuts
